 Dungeon Crawl Stone Soup version 0.26.0-10-g1f06aea511 (webtiles) character file.

Game seed: 8561318007930334761

1348 wakim the Cudgeller (level 8, -10/52 HPs)
             Began as a Gargoyle Berserker on Jan 20, 2021.
             Was an Elder of Trog.
             Mangled by an orc warrior
             ... wielding a +0 war axe
              (12 damage)
             ... on level 6 of the Dungeon.
             The game lasted 00:23:01 (5227 turns).

wakim the Cudgeller (Gargoyle Berserker)            Turns: 5227, Time: 00:23:02

Health: -10/52     AC: 16    Str: 23    XL:     8   Next: 62%
Magic:  8/8        EV: 10    Int:  8    God:    Trog [****..]
Gold:   176        SH:  0    Dex:  9    Spells: 7/7 levels left

rFire    . . .     SeeInvis .   b - +0 flail
rCold    . . .     Faith    .   (no shield)
rNeg     + . .     Spirit   .   f - +0 scale mail
rPois    ∞         Reflect  .   (no helmet)
rElec    +         Harm     .   e - +1 cloak
rCorr    .         Rampage  .   (no gloves)
Will     .....                  p - +0 pair of boots
Stlth    ..........             (no amulet)
HPRegen  0.17/turn              (no ring)
MPRegen  0.11/turn              (no ring)

@: no status effects
A: negative energy resistance 1, electricity resistance, unbreathing,
petrification resistance, miasma immunity, AC +5
a: Renounce Religion, Berserk, Trog's Hand, Brothers in Arms


You were on level 6 of the Dungeon.
You worshipped Trog.
Trog was greatly pleased with you.
You visited 1 branch of the dungeon, and saw 6 of its levels.
You also visited: Ossuary.

You collected 176 gold pieces.

Inventory:

Hand Weapons
 a - a +1 mace
 b - a +0 flail (weapon)
Missiles
 c - 7 javelins (quivered)
Armour
 e - a +1 cloak (worn)
 f - a +0 scale mail (worn)
 p - a +0 pair of boots (worn)
Scrolls
 d - 14 scrolls of identify
 h - a scroll of magic mapping
 j - 2 scrolls of teleportation
 n - 2 scrolls of blinking
 s - a scroll of enchant armour {unknown}
 x - a scroll of brand weapon {unknown}
 y - a scroll of enchant weapon
Potions
 g - a potion of brilliance {unknown}
 i - 2 potions of flight {unknown}
 k - a potion of attraction {unknown}
 l - 2 potions of mutation {unknown}
 m - 2 potions of curing {unknown}
 o - 2 potions of haste {unknown}
 q - 2 potions of berserk rage {unknown}
 r - a potion of invisibility {unknown}
 t - a potion of cancellation {unknown}
 u - a potion of magic {unknown}
 v - 2 potions of resistance {unknown}
 w - a potion of heal wounds {unknown}


   Skills:
 + Level 6.5 Fighting
 * Level 7.9 Maces & Flails
 + Level 5.9 Armour
 - Level 1.5 Dodging


You had 7 spell levels left.
You didn't know any spells.
Your spell library was empty.

Dungeon Overview and Level Annotations

Branches:
Dungeon (6/15)            Ossuary (visited)
 Temple: D:4-7

Altars:
Elyvilon
Gozag
Makhleb
Okawaru

Annotations:
D:5 1 runed translucent door, Crazy Yiuf


Innate Abilities, Weirdness & Mutations

You are resistant to torment.
Your stone body is resilient. (AC +5)
You are immune to poison.
You resist negative energy. (rN+)
You are resistant to electric shocks. (rElec)
You can survive without breathing.
You are immune to petrification.
You are immune to miasma.


Message History

The orc is heavily wounded.
You thump the orc!
You kill the orc!
Trog accepts your kill.
The orc warrior hits you with a +0 war axe!
* * * LOW HITPOINT WARNING * * *
Items here: )) [[ ††.
You barely miss the orc warrior.
The orc warrior hits you with a +0 war axe!
* * * LOW HITPOINT WARNING * * *
You hit the orc warrior but do no damage.
The orc warrior barely misses you.
You hit the orc warrior.
The orc warrior is moderately wounded.
The orc warrior hits you with a +0 war axe.
* * * LOW HITPOINT WARNING * * *
You hit the orc warrior but do no damage.
The orc warrior is moderately wounded.
The orc warrior hits you with a +0 war axe!
You die...

#.#.###.#.# #.
#.#.....#.# #.
#.#######.### #.
#...........#####.
#########.#.#.....
#.......#.#.####
#.##.#.##.#.#
#########)#.......#.#
.......@o.#..#......#
############.####.#.#
### #####


You could see an orc warrior.

Vanquished Creatures
  A wraith (Ossuary)
  2 sky beasts (D:5)
  2 ogres
  3 centaurs
  A scorpion (D:5)
  A jelly (D:5)
  2 hounds
  2 orc wizards (D:6)
  A centaur skeleton (D:4)
  An iguana (D:5)
  3 worker ants
  A hound skeleton (D:5)
  A mummy (Ossuary)
  4 gnolls (D:6)
  9 adders
  A shadow imp (D:6)
  A white imp (D:6)
  2 ufetubi
  An ooze (D:6)
  2 worms
  A dart slug (D:2)
  3 leopard geckos
  5 orcs
  3 ball pythons
  A bat (D:1)
  5 giant cockroaches
  8 goblins
  8 hobgoblins
  2 jackals (D:1)
  8 kobolds
  3 quokkas
  7 frilled lizards
  4 gnoll skeletons (Ossuary)
  A jackal zombie (D:5)
  4 kobold skeletons (Ossuary)
  A leopard gecko skeleton (D:4)
  17 orc skeletons (Ossuary)
  A quokka skeleton (D:5)
  7 rats
130 creatures vanquished.

Vanquished Creatures (others)
  A quokka (D:5)
1 creature vanquished.

Grand Total: 131 creatures vanquished

Notes
Turn   | Place    | Note
-------+----------+-------------------------------------------
     0 | D:1      | wakim the Gargoyle Berserker began the quest for the Orb.
     0 | D:1      | Reached XP level 1. HP: 14/14 MP: 1/1
   302 | D:1      | Reached XP level 2. HP: 14/19 MP: 2/2
   852 | D:2      | Reached XP level 3. HP: 23/24 MP: 3/3
   917 | D:2      | Reached ** piety under Trog
  1250 | D:2      | Found an opulent altar of Gozag.
  1558 | D:3      | Reached skill level 4 in Maces & Flails
  1558 | D:3      | Reached XP level 4. HP: 27/29 MP: 4/4
  1643 | D:3      | Noticed an ogre
  1780 | D:4      | Reached XP level 5. HP: 29/33 MP: 5/5
  2213 | D:3      | Killed an ogre
  2214 | D:3      | Reached skill level 5 in Maces & Flails
  2670 | D:3      | Found an iron altar of Okawaru.
  2702 | D:3      | Reached XP level 6. HP: 29/39 MP: 6/6
  2844 | D:5      | Entered Level 5 of the Dungeon
  2983 | D:5      | Reached skill level 5 in Fighting
  2997 | D:4      | Reached *** piety under Trog
  2998 | D:4      | Reached skill level 6 in Maces & Flails
  2998 | D:4      | Reached XP level 7. HP: 10/44 MP: 7/7
  3661 | D:5      | Reached skill level 5 in Armour
  3725 | D:5      | Found a burning altar of Makhleb.
  3754 | D:5      | Found a white marble altar of Elyvilon.
  3771 | D:5      | Reached skill level 7 in Maces & Flails
  3771 | D:5      | Reached XP level 8. HP: 51/51 MP: 8/8
  3964 | D:5      | Found a runed translucent door.
  3965 | D:5      | Noticed Crazy Yiuf
  4007 | D:6      | Found a sand-covered staircase.
  4012 | Ossuary  | Entered an ossuary
  4012 | Ossuary  | Noticed a wraith
  4012 | Ossuary  | Noticed a wraith
  4012 | Ossuary  | Noticed a wraith
  4282 | Ossuary  | Noticed a wraith
  4311 | Ossuary  | Killed a wraith
  4563 | D:6      | Reached **** piety under Trog
  5226 | D:6      | HP: 2/52 [orc warrior/+0 war axe (1)]
  5227 | D:6      | Mangled by an orc warrior

Illustrated notes

Levels and vault maps discovered:
D:1:      dpeg_arrival_ternary, layout_basic
D:2:      layout_loops_ring, grunt_gozag_breadcrumbs
D:3:      layout_rooms, chequers_garden, okawaru_altar_gauntlet_db
D:4:      layout_basic
D:5:      layout_rooms, elyvilon_altar_4, lemuel_round_altar,
          grunt_decor_mini_mirrors, uniq_crazy_yiuf_cottage
D:6:      wad_river_or_something, layout_basic, nicolae_ossuary_entry_plus

Skill      XL: |  1  2  3  4  5  6  7  8 |
---------------+-------------------------+-----
Maces & Flails | 4 5 6 7 |  7.9
Armour         | 3 4 5 |  5.9
Fighting       | 4 5 6 |  6.5
Dodging        | |  1.5

Action                   |  1- 3 |  4- 6 |  7- 9 || total
-------------------------+-------+-------+-------++-------
Melee: Mace              |   142 |   125 |   248 ||   515
       Flail             |       |       |    23 ||    23
  Use: Scroll            |     2 |     9 |       ||    11
Armor: Scale mail        |    85 |    79 |   184 ||   348
Dodge: Dodged            |   110 |    85 |   140 ||   335
